[Event "Live Chess"]
[Site "Chess.com"]
[Date "2020.04.04"]
[Round "?"]
[White "Johar, Mudit"]
[Black "Bunch, Drew"]
[Result "1/2-1/2"]
[WhiteElo "1673"]
[BlackElo "1169"]
[PlyCount "132"]
[EventDate "2020.??.??"]
[TimeControl "5400+30"]

1. c4 Nf6 2. Nc3 d5 3. cxd5 Nxd5 4. g3 Nxc3 5. bxc3 g6 6. Bg2 Bg7 7. e4 Nd7 8.
Ne2 O-O 9. O-O c5 10. d4 cxd4 11. cxd4 Nb6 12. Bf4 Bd7 13. Rc1 Bb5 14. e5 Nd5
15. Bxd5 Qxd5 16. Nc3 Qd7 17. Nxb5 Qxb5 18. Rc7 e6 19. Qf3 Rab8 20. Rfc1 Qb2
21. Be3 a5 22. Qe4 b5 23. R7c2 Qa3 24. d5 exd5 25. Qxd5 Rfd8 26. Qe4 Qd3 27.
Qf4 Qd5 28. Rd2 Qxe5 29. Rxd8+ Rxd8 30. Qxe5 Bxe5 31. Rc5 Bd4 32. Bxd4 Rxd4 33.
Rxb5 Ra4 34. Rb2 g5 35. Kg2 Kg7 36. h3 Kf6 37. Kf3 h5 38. Ke3 Ra3+ 39. Ke4 h4
40. Rb6+ Kg7 41. Rb5 Kg6 42. gxh4 gxh4 43. Kf4 Rxa2 44. Kg4 Ra4+ 45. f4 Ra1 46.
Kxh4 a4 47. Ra5 a3 48. f5+ Kf6 49. Kh5 a2 50. h4 Ke7 51. Ra6 Kd7 52. Kh6 Kc7
53. Kh7 Kb7 54. Ra3 Kc6 55. h5 Kb5 56. h6 Kb4 57. Ra7 Kb3 58. Rb7+ Kc4 59. Ra7
Kd5 60. Kh8 Ke5 61. Ra5+ Kf6 62. h7 Ke7 63. Ra7+ Kf6 64. Kg8 Rg1+ 65. Kf8 Rh1
66. Rxf7+ Ke5 {Game drawn by agreement} 1/2-1/2

[Event "Live Chess"]
[Site "Chess.com"]
[Date "2020.04.05"]
[Round "?"]
[White "Zhang, Michelle"]
[Black "Johar, Mudit"]
[Result "0-1"]
[WhiteElo "1267"]
[BlackElo "1673"]
[PlyCount "94"]
[EventDate "2020.??.??"]
[TimeControl "5400+30"]

1. e4 d6 2. d4 Nf6 3. Nc3 c6 4. Nf3 Bg4 5. Bf4 Nbd7 6. Bd3 e5 7. dxe5 dxe5 8.
Be3 Bc5 9. O-O Bxe3 10. fxe3 Qb6 11. Qe1 O-O 12. Ne2 Qxe3+ 13. Kh1 Nxe4 14. Qh4
Nef6 15. Bxh7+ Nxh7 16. Qxg4 Nhf6 17. Qc4 Ne4 18. Rad1 Nb6 19. Qd3 Nf2+ 20.
Rxf2 Qxf2 21. Ng3 Nd5 22. Ng5 g6 23. Ne6 Rfe8 24. Ne4 Qh4 25. N4g5 Nf4 26. Qd7
Rf8 27. Nxf8 Qxg5 28. g3 Nd5 29. Nh7 Qh5 30. Rxd5 Qf3+ 31. Kg1 cxd5 32. Qxb7
Qd1+ 33. Kg2 Qxc2+ 34. Kg1 Qc5+ 35. Kg2 Rc8 36. Nf6+ Kg7 37. Nxd5 Qc2+ 38. Kf3
Qd1+ 39. Ke4 Qe2+ 40. Ne3 Rc4+ 41. Kd5 Qd3+ 42. Kxe5 Qxe3+ 43. Kd5 Qe4+ 44. Kd6
Qxb7 45. b3 Qb6+ 46. Kd7 Rc7+ 47. Kd8 Qb8# {restthechess won by checkmate} 0-1

[Event "Live Chess"]
[Site "Chess.com"]
[Date "2020.04.05"]
[Round "?"]
[White "Lakshminarayan, Rishi"]
[Black "Johar, Mudit"]
[Result "0-1"]
[WhiteElo "1426"]
[BlackElo "1673"]
[PlyCount "102"]
[EventDate "2020.??.??"]
[TimeControl "5400+30"]

1. e4 d6 2. d4 Nf6 3. Nc3 c6 4. Bd3 e5 5. dxe5 dxe5 6. Nf3 Nbd7 7. Bg5 Be7 8.
Qd2 O-O 9. O-O-O h6 10. Be3 Ng4 11. Kb1 Nxe3 12. Qxe3 Qc7 13. h3 Nc5 14. g4
Nxd3 15. cxd3 Rd8 16. g5 hxg5 17. Nxg5 Qb6 18. Qg3 f6 19. Nf3 Be6 20. Rhg1 Bf8
21. Nh4 Rd7 22. Ka1 a5 23. Ng6 Bc5 24. Qh4 Bf8 25. Qh8+ Kf7 26. Nxf8 Rxf8 27.
Rxg7+ Ke8 28. Qh5+ Bf7 29. Qf5 Qd8 30. Rg3 b5 31. Qf3 Qe7 32. Qe2 Qe6 33. b3 a4
34. b4 Rd4 35. Qb2 Rg8 36. Ne2 Rxb4 37. Qc2 Rxg3 38. Nxg3 a3 39. Rb1 Rxb1+ 40.
Kxb1 Kd7 41. Nf5 Bg6 42. Ne3 Qxh3 43. Qc5 Qh1+ 44. Kc2 Qf3 45. Qa7+ Ke6 46. Nf1
Qe2+ 47. Nd2 Bh5 48. Qxa3 Qd1+ 49. Kc3 Qa1+ 50. Qb2 b4+ 51. Kb3 Bd1+ {
restthechess won by resignation} 0-1

[Event "Live Chess"]
[Site "Chess.com"]
[Date "2020.04.04"]
[Round "?"]
[White "Kona, Vidip"]
[Black "Singh, Aditya"]
[Result "0-1"]
[WhiteElo "1261"]
[BlackElo "1572"]
[PlyCount "66"]
[EventDate "2020.??.??"]
[TimeControl "5400+30"]

1. e4 c5 2. Nf3 e6 3. d4 cxd4 4. Nxd4 Nc6 5. Nc3 Qc7 6. g3 a6 7. Bg2 Nf6 8. Be3
Bb4 9. O-O Bxc3 10. bxc3 h6 11. f4 d6 12. Rb1 Na5 13. Ne2 Nc4 14. Bf2 Ng4 15.
Qd4 e5 16. Qd3 O-O 17. Rb4 b5 18. a4 Rb8 19. f5 Nxf2 20. Rxf2 Qb6 21. f6 g6 22.
h3 Be6 23. g4 Rfc8 24. Qg3 g5 25. h4 Ne3 26. Bf3 Nd1 27. hxg5 Qxf2+ 28. Qxf2
Nxf2 29. Kxf2 hxg5 30. a5 Kh7 31. Rb1 Kg6 32. Rh1 Rh8 33. Rxh8 Rxh8 {daboss64
won by resignation} 0-1

[Event "Live Chess"]
[Site "Chess.com"]
[Date "2020.04.04"]
[Round "?"]
[White "Singh, Aditya"]
[Black "Zhang, Michelle"]
[Result "1-0"]
[WhiteElo "1572"]
[BlackElo "1267"]
[PlyCount "121"]
[EventDate "2020.??.??"]
[TimeControl "5400+30"]

1. e4 c5 2. Nf3 e6 3. d4 cxd4 4. Nxd4 a6 5. c4 Qc7 6. a3 Nf6 7. Nc3 Be7 8. Be2
d6 9. Be3 Nbd7 10. Qd2 b6 11. O-O Bb7 12. f3 O-O 13. Rfc1 Nc5 14. Qd1 Rac8 15.
a4 Rfd8 16. b4 Ncd7 17. Qb3 Ne5 18. Nd1 Qd7 19. a5 bxa5 20. Rxa5 Nxe4 21. fxe4
Bxe4 22. Nf2 Ba8 23. Rca1 Qb7 24. Nf3 Bf6 25. Rxa6 g5 26. Ra7 Qc6 27. b5 Nxf3+
28. Bxf3 Qe8 29. Rxa8 Rxa8 30. Rxa8 Rxa8 31. Bxa8 Qxa8 32. b6 Qa1+ 33. Nd1 Bd4
34. Bxd4 Qxd4+ 35. Kh1 Qh4 36. h3 g4 37. b7 Qe1+ 38. Kh2 Qe5+ 39. Qg3 Qe2 40.
Qxg4+ Qxg4 41. hxg4 Kf8 42. b8=Q+ Ke7 43. Qh8 Kd7 44. Qf8 f5 45. gxf5 exf5 46.
Qxf5+ Kc6 47. Qxh7 Kc5 48. Qf5+ Kxc4 49. Nf2 d5 50. Ng4 d4 51. Ne3+ dxe3 52.
Qe4+ Kc3 53. Qxe3+ Kc2 54. Kg3 Kb2 55. Qd3 Ka2 56. Qb5 Ka3 57. Kf3 Ka2 58. Ke3
Ka1 59. Kd3 Ka2 60. Kc3 Ka1 61. Qb2# {daboss64 won by checkmate} 1-0

[Event "Live Chess"]
[Site "Chess.com"]
[Date "2020.04.05"]
[Round "?"]
[White "Brown, Northern"]
[Black "Singh, Aditya"]
[Result "0-1"]
[WhiteElo "1480"]
[BlackElo "1572"]
[PlyCount "64"]
[EventDate "2020.??.??"]
[TimeControl "5400+30"]

1. Nf3 d5 2. g3 Nf6 3. d4 e6 4. c4 Be7 5. Nc3 O-O 6. Bg2 b6 7. Bf4 c6 8. Rc1
Bb7 9. cxd5 exd5 10. O-O Nbd7 11. Qc2 Rc8 12. Rfd1 Re8 13. e4 dxe4 14. Ne5 Nh5
15. Qb3 Rf8 16. Be3 g6 17. Bh6 Ng7 18. Nxe4 Qc7 19. Bf4 Nxe5 20. dxe5 Nh5 21.
Nd6 Nxf4 22. Nxc8 Ne2+ 23. Kh1 Nxc1 24. Nxe7+ Qxe7 25. Rxc1 Qxe5 26. Bf3 Re8
27. Kg2 Qe7 28. a4 c5 29. a5 Bxf3+ 30. Qxf3 Qe4 31. Rd1 Qa4 32. Qc3 Qxd1 {
daboss64 won by resignation} 0-1

[Event "Live Chess"]
[Site "Chess.com"]
[Date "2020.04.05"]
[Round "?"]
[White "Singh, Aditya"]
[Black "Stein, Daniel"]
[Result "1/2-1/2"]
[WhiteElo "1572"]
[BlackElo "1555"]
[PlyCount "169"]
[EventDate "2020.??.??"]
[TimeControl "5400+30"]

1. e4 e5 2. Nf3 Nc6 3. Bc4 Nf6 4. d3 Bc5 5. c3 a6 6. Bb3 d6 7. Nbd2 O-O 8. h3
Be6 9. O-O d5 10. Ng5 Kh8 11. Nxe6 fxe6 12. Qe2 Qd6 13. Nf3 Rad8 14. Bc2 d4 15.
a4 Ba7 16. a5 h6 17. Bd2 Rf7 18. c4 Bc5 19. Ra4 Kh7 20. Qe1 Nd7 21. b4 Ba7 22.
Bb3 Rdf8 23. Qe2 Ncb8 24. c5 Qe7 25. Nh2 Qe8 26. Qg4 Rf6 27. h4 Rg6 28. Qe2 Nf6
29. h5 Nxh5 30. Ng4 Nd7 31. Bd1 Nf4 32. Bxf4 Rxf4 33. Nh2 c6 34. Kh1 Bb8 35. g3
Rf8 36. Qd2 Rgf6 37. Ng4 R6f7 38. Kg2 Nf6 39. Ra2 Bc7 40. Qc1 Nxg4 41. Bxg4 Rf6
42. Rh1 Bd8 43. Bh5 Qe7 44. Rb2 Rg8 45. Bg4 Rff8 46. Bh5 Qg5 47. Qd1 Rf6 48.
Rh4 Rf4 49. Rxf4 exf4 50. Qg4 Rf8 51. Qxg5 Bxg5 52. Bg4 Rf6 53. gxf4 Bxf4 54.
Kf1 g6 55. Ke2 h5 56. Bh3 g5 57. f3 Rg6 58. Rb1 g4 59. fxg4 hxg4 60. Bg2 Kg7
61. Rh1 e5 62. Rh4 Bh6 63. Kf2 Kf6 64. Kg3 Bf4+ 65. Kf2 Bd2 66. Rh7 Rg7 67.
Rxg7 Kxg7 68. Kg3 Bxb4 69. Kxg4 Bxa5 70. Kg5 b6 71. cxb6 Bxb6 72. Bh3 c5 73.
Be6 Bc7 74. Bc4 a5 75. Kf5 a4 76. Kg4 Kg6 77. Kf3 Kh5 78. Ke2 Kg4 79. Kd2 Ba5+
80. Kc2 Kf3 81. Kb2 Bb4 82. Ka2 Ke2 83. Bb5 Kd2 84. Bc4 Kc2 85. Bb5 {Game
drawn by agreement} 1/2-1/2

[Event "Live Chess"]
[Site "Chess.com"]
[Date "2020.04.05"]
[Round "?"]
[White "Bunch, Drew"]
[Black "Singh, Aditya"]
[Result "0-1"]
[WhiteElo "1169"]
[BlackElo "1572"]
[PlyCount "122"]
[EventDate "2020.??.??"]
[TimeControl "5400+30"]

1. e4 c5 2. Nf3 e6 3. d4 cxd4 4. Nxd4 Nc6 5. Nc3 Qc7 6. g3 a6 7. Bg2 Nf6 8. Bg5
Be7 9. Nxc6 bxc6 10. O-O d5 11. exd5 cxd5 12. Re1 O-O 13. Bf4 Qb6 14. Na4 Qb5
15. c4 Qa5 16. cxd5 Bb4 17. Re2 Nxd5 18. a3 Nxf4 19. gxf4 Rd8 20. Qc2 Rb8 21.
axb4 Rxb4 22. Rd2 Bd7 23. Bc6 Bxc6 24. Rxd8+ Qxd8 25. Qxc6 Rxf4 26. Rc1 Rg4+
27. Kh1 Rxa4 28. Qxa4 Qd5+ 29. Kg1 Qg5+ 30. Kf1 Qxc1+ 31. Kg2 Qg5+ 32. Kh1 Qd5+
33. Kg1 g6 34. b4 Qb5 35. Qa3 h5 36. Kg2 Kh7 37. Qc3 Qd5+ 38. Kg1 g5 39. h4
Qd1+ 40. Kh2 Qd6+ 41. Kg1 gxh4 42. Qf6 Qd7 43. Kh2 Kg8 44. Qxh4 Qd5 45. Qf6 a5
46. bxa5 Qxa5 47. Kg2 Qf5 48. Qd8+ Kg7 49. Qd4+ e5 50. Qe3 Kg6 51. Qb6+ f6 52.
Qd8 Kg5 53. Qg8+ Qg6 54. Qe6 Kf4+ 55. Kf1 Qb1+ 56. Kg2 Qe4+ 57. Kf1 Qh1+ 58.
Ke2 Qf3+ 59. Kf1 Qd3+ 60. Kg2 Qf5 61. Qc4+ Qe4+ {daboss64 won by resignation}
0-1

[Event "Live Chess"]
[Site "Chess.com"]
[Date "2020.04.04"]
[Round "?"]
[White "Ruff, Lois"]
[Black "Chan, Ethan"]
[Result "1/2-1/2"]
[WhiteElo "1027"]
[BlackElo "1566"]
[PlyCount "168"]
[EventDate "2020.??.??"]
[TimeControl "5400+30"]

1. e4 e5 2. Nf3 Nc6 3. Bb5 Nf6 4. O-O Nxe4 5. d4 Nd6 6. Bxc6 dxc6 7. Nxe5 Be7
8. Re1 O-O 9. h3 Nf5 10. c3 Bf6 11. Bf4 Be6 12. Nd2 Bg5 13. Bh2 Rc8 14. Ndf3
Be7 15. Bf4 c5 16. Qa4 a6 17. Rad1 Qe8 18. Qa5 cxd4 19. Nxd4 Nxd4 20. Rxd4 Qb5
21. Qxb5 axb5 22. a3 Bc5 23. Rde4 Bf5 24. R4e2 f6 25. Nf3 c6 26. Be3 Bxe3 27.
Rxe3 Bg6 28. Re7 b6 29. Rb7 Rb8 30. Ree7 Rxb7 31. Rxb7 Be4 32. Rxb6 Rd8 33. Nd4
Rc8 34. f3 Bd5 35. Kf2 Kf7 36. h4 h5 37. g3 Kg6 38. f4 Be4 39. Ra6 f5 40. Ne6
Bd5 41. Nc5 Kf7 42. Ra7+ Kg6 43. b4 Bc4 44. Nd7 Be6 45. Ne5+ Kf6 46. Nd7+ Kg6
47. Nc5 Bc4 48. Re7 Ra8 49. Rc7 Bd5 50. Re7 Rxa3 51. Re3 Kh6 52. Ne6 g6 53. Nd4
Be4 54. Ke2 Ra2+ 55. Ke1 Kg7 56. Re2 Ra3 57. Re3 Kf6 58. Kf2 Ra2+ 59. Re2 Ra3
60. Re3 Ra1 61. Nb3 Ra2+ 62. Re2 Ra3 63. Nc5 Rxc3 64. Nxe4+ fxe4 65. Rxe4 c5
66. bxc5 Rxc5 67. Re8 b4 68. Rb8 Rc2+ 69. Ke3 Rb2 70. Kd3 b3 71. Rb6+ Kf7 72.
Kc3 Rb1 73. Rxb3 Rxb3+ 74. Kxb3 Kf6 75. Kc3 Kf5 76. Kd3 Kg4 77. Ke4 Kxg3 78. f5
gxf5+ 79. Kxf5 Kxh4 80. Kf4 Kh3 81. Kf3 Kh2 82. Kf2 h4 83. Kf3 h3 84. Kf2 Kh1 {
Game drawn by agreement} 1/2-1/2

[Event "Live Chess"]
[Site "Chess.com"]
[Date "2020.04.04"]
[Round "?"]
[White "Huffaker, Jacob"]
[Black "Chan, Ethan"]
[Result "1-0"]
[WhiteElo "889"]
[BlackElo "1566"]
[PlyCount "129"]
[EventDate "2020.??.??"]
[TimeControl "5400+30"]

1. e4 e5 2. Bc4 Nc6 3. Nf3 Bc5 4. Nc3 d6 5. h3 Nf6 6. d3 h6 7. Be3 Bb6 8. O-O
O-O 9. Na4 Bxe3 10. fxe3 Na5 11. Bb3 Nxb3 12. axb3 Qe7 13. Nc3 b6 14. Nb5 a6
15. Nc3 Bb7 16. Qe2 Rfe8 17. Nd2 c5 18. Qf3 b5 19. Rf2 Rad8 20. Raf1 Rf8 21.
Qg3 Kh7 22. Nf3 Qe6 23. Ne2 Bxe4 24. dxe4 Nxe4 25. Qh4 Nxf2 26. Ng5+ Kg8 27.
Nxe6 Nxh3+ 28. Qxh3 fxe6 29. Qxe6+ Kh7 30. Rxf8 Rxf8 31. Qxd6 Rc8 32. Qxe5 Kh8
33. Qf4 c4 34. bxc4 Rxc4 35. Qxc4 bxc4 36. Kf2 Kg8 37. Kf3 Kf7 38. Ke4 Ke6 39.
Kd4 h5 40. Kxc4 h4 41. Kd4 g5 42. Ke4 a5 43. Kf3 Kf5 44. Nd4+ Ke5 45. Nb3 a4
46. Nc5 a3 47. bxa3 Kf5 48. a4 g4+ 49. Kf2 h3 50. gxh3 gxh3 51. Kg3 Ke5 52. a5
Kd6 53. a6 Kc7 54. a7 Kc6 55. Kxh3 Kxc5 56. a8=Q Kc4 57. Qd8 Kc3 58. e4 Kxc2
59. e5 Kc3 60. e6 Kc2 61. e7 Kc3 62. e8=Q Kc2 63. Qc6+ Kb3 64. Qb8+ Ka3 65.
Qca8# {jahuff won by checkmate} 1-0

[Event "Live Chess"]
[Site "Chess.com"]
[Date "2020.04.05"]
[Round "?"]
[White "Chan, Ethan"]
[Black "Fobian, Christian"]
[Result "1-0"]
[WhiteElo "1566"]
[BlackElo "1002"]
[PlyCount "42"]
[EventDate "2020.??.??"]
[TimeControl "5400+30"]

1. e4 e6 2. Nf3 d5 3. e5 c5 4. b4 Qb6 5. bxc5 Bxc5 6. d4 Bb4+ 7. c3 Ba5 8. Bd3
Qc7 9. Qc2 Nc6 10. O-O f5 11. exf6 Nxf6 12. Ba3 Bd7 13. Nbd2 O-O-O 14. Rab1 h5
15. Ng5 Rdf8 16. Bxf8 Ng4 17. Ngf3 Rxf8 18. h3 Nf6 19. Rfe1 Rh8 20. Ne5 Nxe5
21. dxe5 Nh7 {cookiethedog won by resignation} 1-0

[Event "Live Chess"]
[Site "Chess.com"]
[Date "2020.04.05"]
[Round "?"]
[White "Chan, Ethan"]
[Black "Zhang, Michelle"]
[Result "1-0"]
[WhiteElo "1566"]
[BlackElo "1267"]
[PlyCount "57"]
[EventDate "2020.??.??"]
[TimeControl "5400+30"]

1. e4 c5 2. d4 cxd4 3. c3 e6 4. cxd4 d6 5. Nc3 a6 6. Be3 Qc7 7. Rc1 Qd8 8. Bc4
b5 9. Bb3 Nd7 10. Nf3 Bb7 11. Ng5 Ngf6 12. Bxe6 fxe6 13. Nxe6 Qa5 14. O-O h5
15. Qd3 b4 16. Nd5 Nxd5 17. exd5 Qxd5 18. Nc7+ Kd8 19. Nxd5 Bxd5 20. Bg5+ Nf6
21. Qf5 Bxa2 22. Bxf6+ Ke8 23. Rc7 Be7 24. Qd7+ Kf7 25. Qxe7+ Kg6 26. Qxg7+ Kf5
27. Qg5+ Ke4 28. Re1+ Kd3 29. Qe3# {cookiethedog won by checkmate} 1-0

[Event "Live Chess"]
[Site "Chess.com"]
[Date "2020.04.04"]
[Round "?"]
[White "Stein, Daniel"]
[Black "Nallabothula, Vineesh"]
[Result "1-0"]
[WhiteElo "1555"]
[BlackElo "1025"]
[PlyCount "75"]
[EventDate "2020.??.??"]
[TimeControl "5400+30"]

1. e4 c6 2. d4 d5 3. e5 Bf5 4. h4 h5 5. Bg5 Qb6 6. Bd3 Bxd3 7. Qxd3 Qxb2 8. e6
Qxa1 9. Qb3 Qxd4 10. Qxb7 fxe6 11. Qxa8 Qb6 12. Nd2 Nf6 13. Bf4 Nfd7 14. Rh3 e5
15. Rb3 Qc7 16. Rb7 Qd6 17. Be3 d4 18. Ne4 Qa3 19. Rxb8+ Nxb8 20. Qxb8+ Kf7 21.
Ng5+ Kf6 22. N1f3 Qc3+ 23. Bd2 Qc5 24. Ne4+ Kf7 25. Nfg5+ Kg6 26. Qe8+ Kh6 27.
Ne6+ Kh7 28. N4xc5 e4 29. Nxf8+ Rxf8 30. Qxf8 Kg6 31. Ne6 e3 32. Qxg7+ Kf5 33.
Nxd4+ Ke4 34. f3+ Kd5 35. Bxe3 Kd6 36. Qg6+ Kd7 37. Qxc6+ Kd8 38. Ne6# {
TemporaryOnly won by checkmate} 1-0

[Event "Live Chess"]
[Site "Chess.com"]
[Date "2020.04.04"]
[Round "?"]
[White "Lakshminarayan, Rishi"]
[Black "Stein, Daniel"]
[Result "0-1"]
[WhiteElo "1426"]
[BlackElo "1555"]
[PlyCount "148"]
[EventDate "2020.??.??"]
[TimeControl "5400+30"]

1. e4 e5 2. Nf3 Nc6 3. Bc4 Nf6 4. d3 Bc5 5. c3 a6 6. a4 Ba7 7. Bg5 h6 8. Bh4 g5
9. Bg3 d6 10. Nbd2 Qe7 11. Qe2 Be6 12. Bxe6 Qxe6 13. Nc4 Nd7 14. Ne3 Ne7 15.
Nd2 d5 16. Qg4 Bxe3 17. Qe2 Ba7 18. b4 dxe4 19. dxe4 Ng6 20. b5 Qf6 21. Nc4
axb5 22. Ne3 Nf4 23. Bxf4 exf4 24. Nd5 Qe5 25. Qxb5 O-O 26. Qxd7 Qxe4+ 27. Kf1
Qd3+ 28. Kg1 Kh8 29. h4 g4 30. Qxg4 Qxd5 31. Qxf4 Qc6 32. g4 Qg6 33. g5 f6 34.
Qxc7 fxg5 35. Qe5+ Qf6 36. Qxf6+ Rxf6 37. hxg5 Rxf2 38. Rxh6+ Kg7 39. Kh1 Be3
40. Rh2 Rf5 41. Rb1 b6 42. Re2 Rxg5 43. Rg2 Rh8+ 44. Rh2 Ra5 45. Rxh8 Kxh8 46.
Rb4 Bc5 47. Rg4 Ra8 48. Kg2 Rf8 49. Rg5 Rf2+ 50. Kh1 Ra2 51. Rg4 Ra3 52. Rc4
Ra2 53. Rg4 Kh7 54. Rg3 Rxa4 55. Kg2 Rf4 56. Kh3 Kh6 57. Kg2 Kh5 58. Rd3 Kg5
59. Kg3 Rc4 60. Kf3 Kf5 61. Ke2 Ke4 62. Kd2 Ra4 63. Rh3 Ra2+ 64. Kc1 Rg2 65.
Kb1 Be3 66. Ka1 Rc2 67. Rh4+ Kd3 68. Rh3 Re2 69. c4 Kxc4 70. Rh4+ Bd4+ 71. Kb1
Kb3 72. Rh3+ Bc3 73. Rh1 Rb2+ 74. Kc1 Ra2 {TemporaryOnly won by resignation}
0-1

[Event "Live Chess"]
[Site "Chess.com"]
[Date "2020.04.04"]
[Round "?"]
[White "HAITU2009"]
[Black "Gilton, Terry"]
[Result "1-0"]
[WhiteElo "1344"]
[BlackElo "1554"]
[PlyCount "51"]
[EventDate "2020.??.??"]
[TimeControl "5400+30"]

1. e4 c6 2. d4 d5 3. Nd2 dxe4 4. Nxe4 Bf5 5. Ng3 Bg6 6. Nf3 Nf6 7. Bd3 Bxd3 8.
Qxd3 e6 9. O-O Be7 10. c4 c5 11. d5 exd5 12. Nf5 Nc6 13. Nxg7+ Kf8 14. Bh6 Kg8
15. Nf5 Ng4 16. cxd5 Bf6 17. Qe4 Nce5 18. Nxe5 Nxe5 19. d6 Ng6 20. Qxb7 Nh4 21.
Ne7+ Bxe7 22. dxe7 Qe8 23. Rae1 Nf5 24. Qf3 Nxh6 25. Qg3+ Ng4 26. Qxg4# {
HAITU2009 won by checkmate} 1-0

[Event "Live Chess"]
[Site "Chess.com"]
[Date "2020.04.04"]
[Round "?"]
[White "Gilton, Terry"]
[Black "M. Zhang, Michael"]
[Result "0-1"]
[WhiteElo "1554"]
[BlackElo "977"]
[PlyCount "96"]
[EventDate "2020.??.??"]
[TimeControl "5400+30"]

1. d4 d5 2. Bf4 Bf5 3. e3 e6 4. c4 dxc4 5. Bxc4 Nf6 6. Nf3 Nc6 7. Nc3 Bb4 8.
O-O Bg4 9. h3 Bh5 10. a3 Bxc3 11. bxc3 h6 12. Bd3 O-O 13. g4 Nxg4 14. hxg4 Bxg4
15. Be2 Re8 16. Ne5 Bxe2 17. Qxe2 Nxe5 18. Bxe5 Qg5+ 19. Bg3 h5 20. Kh1 h4 21.
Bh2 h3 22. Rg1 Qd5+ 23. e4 Qc6 24. Qe3 f5 25. Qxh3 Qxe4+ 26. Qg2 Qxg2+ 27. Rxg2
c6 28. Rag1 Re7 29. Be5 Kf8 30. Rxg7 Rxg7 31. Rxg7 b6 32. Bd6+ Kxg7 33. Be5+
Kf7 34. Kg2 Rc8 35. Kg3 c5 36. Kf4 cxd4 37. Bxd4 Rc4 38. Ke5 Ra4 39. f4 Rxa3
40. Kd6 b5 41. Kc5 a6 42. Kb4 Ra2 43. Kc5 Ra1 44. Kb4 Rf1 45. Be5 Ra1 46. Kc5
Ra4 47. Bd4 Rc4+ 48. Kb6 b4 {zygarde0 won by resignation} 0-1

[Event "Live Chess"]
[Site "Chess.com"]
[Date "2020.04.04"]
[Round "?"]
[White "Ehrenberg, Joshua"]
[Black "Gilton, Terry"]
[Result "1-0"]
[WhiteElo "673"]
[BlackElo "1554"]
[PlyCount "87"]
[EventDate "2020.??.??"]
[TimeControl "5400+30"]

1. e4 c6 2. Nf3 d5 3. d4 dxe4 4. Ng5 Nf6 5. Nc3 Bf5 6. Qe2 h6 7. Ngxe4 e6 8.
Nxf6+ Qxf6 9. Be3 Bxc2 10. Qxc2 Nd7 11. g3 Qf3 12. Qe4 Qf6 13. Bg2 Bd6 14. O-O
O-O 15. Qc2 Nb6 16. Ne4 Qe7 17. Nxd6 Qxd6 18. Rac1 Nd5 19. Bd2 Rfe8 20. Rfe1 a5
21. Qc5 Qd8 22. Bxd5 cxd5 23. Qc7 Qxc7 24. Rxc7 b6 25. a4 Rec8 26. Rec1 Rxc7
27. Rxc7 Kf8 28. Bf4 Ke8 29. Bd6 Rd8 30. Re7+ Kf8 31. Rxe6+ Kg8 32. Bc7 fxe6
33. Bxd8 Kf8 34. Bxb6 Ke8 35. Bxa5 Kd7 36. b4 Kc6 37. Kf1 Kb7 38. Ke2 Ka6 39.
Kd3 g6 40. Kc3 h5 41. Kb3 g5 42. Bd8 g4 43. b5+ Kb7 44. Kb4 {Joshua669 won by
resignation} 1-0

[Event "Live Chess"]
[Site "Chess.com"]
[Date "2020.04.05"]
[Round "?"]
[White "Gilton, Terry"]
[Black "Huffaker, Jacob"]
[Result "1-0"]
[WhiteElo "1554"]
[BlackElo "889"]
[PlyCount "55"]
[EventDate "2020.??.??"]
[TimeControl "5400+30"]

1. d4 Nf6 2. Bf4 d5 3. e3 Bf5 4. Nf3 Nh5 5. Bg3 Nxg3 6. hxg3 Nc6 7. c3 a6 8.
Bd3 Bxd3 9. Qxd3 e6 10. Nbd2 Bd6 11. Rxh7 Rxh7 12. Qxh7 g6 13. O-O-O Ke7 14.
Ng5 Qg8 15. Rh1 Qxh7 16. Rxh7 Rf8 17. e4 Kf6 18. f4 Be7 19. e5+ Kf5 20. Ndf3
Kg4 21. Rh3 Bxg5 22. Nxg5 Ne7 23. Nh7 Rc8 24. Kd2 c5 25. Nf6+ Kf5 26. Ke3 cxd4+
27. cxd4 Rc2 28. g4# {tgilton won by checkmate} 1-0

[Event "Live Chess"]
[Site "Chess.com"]
[Date "2020.04.05"]
[Round "?"]
[White "Wang, Jalen"]
[Black "Gilton, Terry"]
[Result "1/2-1/2"]
[WhiteElo "1263"]
[BlackElo "1554"]
[PlyCount "36"]
[EventDate "2020.??.??"]
[TimeControl "5400+30"]

1. c4 c6 2. Nc3 d5 3. cxd5 cxd5 4. d4 Nf6 5. g3 Bf5 6. Bg2 e6 7. Bf4 Bd6 8.
Bxd6 Qxd6 9. Rc1 Nc6 10. Nf3 O-O 11. O-O a6 12. a4 Ne4 13. Nh4 Nxc3 14. bxc3
Bg6 15. Nxg6 hxg6 16. c4 Ne7 17. cxd5 Nxd5 18. e4 Ne7 {Game drawn by agreement}
1/2-1/2

[Event "Live Chess"]
[Site "Chess.com"]
[Date "2020.04.05"]
[Round "?"]
[White "Gilton, Terry"]
[Black "Deng, Grace"]
[Result "0-1"]
[WhiteElo "1554"]
[BlackElo "1438"]
[PlyCount "78"]
[EventDate "2020.??.??"]
[TimeControl "5400+30"]

1. d4 d5 2. Bf4 Nf6 3. e3 Bf5 4. Nf3 e6 5. c4 c6 6. Bd3 Bxd3 7. Qxd3 Be7 8.
Nbd2 O-O 9. O-O Nbd7 10. Ne5 Nxe5 11. Bxe5 b6 12. Rac1 Rc8 13. c5 bxc5 14. dxc5
Nd7 15. Qd4 Nxe5 16. Qxe5 Bf6 17. Qf4 Bxb2 18. Rb1 Bf6 19. Qa4 Qc7 20. Rb3 Rb8
21. Rfb1 Be7 22. Rxb8 Rxb8 23. Rxb8+ Qxb8 24. Nb3 Qc7 25. g3 f6 26. Nd4 Kf7 27.
Qxc6 Qxc6 28. Nxc6 Bxc5 29. Kf1 Ke8 30. Nd4 Bxd4 31. exd4 e5 32. dxe5 fxe5 33.
Ke2 Ke7 34. Ke3 Kd6 35. f3 Kc5 36. Kd3 g5 37. g4 Kb4 38. Kc2 Ka3 39. Kc3 a5 {
Deng16 won by resignation} 0-1

[Event "Live Chess"]
[Site "Chess.com"]
[Date "2020.04.04"]
[Round "?"]
[White "Devadithya, Lavindu"]
[Black "Fobian, Christian"]
[Result "1-0"]
[WhiteElo "1535"]
[BlackElo "1002"]
[PlyCount "69"]
[EventDate "2020.??.??"]
[TimeControl "5400+30"]

1. d4 e6 2. c4 Nf6 3. Nc3 Bb4 4. e3 b6 5. a3 Bxc3+ 6. bxc3 Bb7 7. f3 d6 8. Bd3
Nbd7 9. e4 O-O 10. Ne2 c5 11. d5 e5 12. O-O a5 13. Ng3 h6 14. Nf5 Ne8 15. Qe1
Qf6 16. Qg3 Qg6 17. Ne7+ Kh7 18. Nxg6 fxg6 19. f4 Nef6 20. f5 g5 21. h4 Nh5 22.
Qf3 Nf4 23. hxg5 Nxd3 24. Qxd3 Ba6 25. Rf3 Rh8 26. Rh3 Kg8 27. gxh6 Nf6 28. Qg3
Rh7 29. hxg7 Rxg7 30. Qh4 Kf7 31. Bg5 Rag8 32. Bxf6 Rxg2+ 33. Kh1 Bxc4 34. Qh7+
Kf8 35. Qe7# {Lavindu won by checkmate} 1-0

[Event "Live Chess"]
[Site "Chess.com"]
[Date "2020.04.04"]
[Round "?"]
[White "Willy, Stephen"]
[Black "Devadithya, Lavindu"]
[Result "0-1"]
[WhiteElo "1137"]
[BlackElo "1535"]
[PlyCount "62"]
[EventDate "2020.??.??"]
[TimeControl "5400+30"]

1. e4 c5 2. Nf3 d6 3. Nc3 Nf6 4. Bc4 e6 5. d4 Nbd7 6. Bg5 Be7 7. e5 dxe5 8.
dxe5 Ng4 9. Bxe7 Qxe7 10. Nb5 O-O 11. Qe2 a6 12. Nd6 Ngxe5 13. Nxe5 Qxd6 14.
Nf3 b5 15. Rd1 Qf4 16. Bd3 Nf6 17. g3 Qc7 18. Rg1 Bb7 19. h4 c4 20. Bxh7+ Nxh7
21. g4 Qf4 22. Ne5 Qe4 23. Qxe4 Bxe4 24. c3 Rfd8 25. Rxd8+ Rxd8 26. g5 Nf8 27.
h5 Nd7 28. Ng4 Bf3 29. Ne3 Bxh5 30. Rh1 g6 31. b3 Ne5 {Lavindu won by
resignation} 0-1

[Event "Live Chess"]
[Site "Chess.com"]
[Date "2020.04.05"]
[Round "?"]
[White "Shanmugam, Meera"]
[Black "Devadithya, Lavindu"]
[Result "1-0"]
[WhiteElo "1224"]
[BlackElo "1535"]
[PlyCount "56"]
[EventDate "2020.??.??"]
[TimeControl "5400+30"]

1. e4 c5 2. Nf3 d6 3. d4 cxd4 4. Nxd4 Nf6 5. Nc3 a6 6. Be3 e5 7. Nb3 Be6 8. f3
Nbd7 9. Qd2 Be7 10. O-O-O Qc7 11. g4 Nc5 12. g5 Nxb3+ 13. cxb3 Nd7 14. Kb1 Qa5
15. Rc1 O-O-O 16. Nd5+ Qc5 17. Bxc5 Nxc5 18. Nxe7+ Kb8 19. Qb4 Ka8 20. Nd5 Bxd5
21. exd5 Rc8 22. Be2 f5 23. gxf6 gxf6 24. Qa5 Rhg8 25. b4 Nd7 26. b5 b6 27.
Qxa6+ Kb8 28. Rc6 Rg2 {artistqueen won by resignation} 1-0

[Event "Live Chess"]
[Site "Chess.com"]
[Date "2020.04.05"]
[Round "?"]
[White "Devadithya, Lavindu"]
[Black "Kona, Vidip"]
[Result "1-0"]
[WhiteElo "1535"]
[BlackElo "1261"]
[PlyCount "51"]
[EventDate "2020.??.??"]
[TimeControl "5400+30"]

1. d4 Nf6 2. c4 g6 3. Nc3 Bg7 4. e4 d6 5. f3 O-O 6. Bg5 c5 7. d5 Nbd7 8. Qd2
Re8 9. Bh6 Bh8 10. g4 Ne5 11. h3 e6 12. f4 Ned7 13. O-O-O exd5 14. exd5 Ne4 15.
Nxe4 Rxe4 16. Bd3 Re8 17. Nf3 a6 18. f5 b5 19. fxg6 fxg6 20. Qc2 Qf6 21. Rhf1
Ne5 22. Nxe5 Qxe5 23. Qf2 Qe7 24. Rde1 Qd7 25. Qf8+ Rxf8 26. Rxf8# {Lavindu
won by checkmate} 1-0